 Dungeon Crawl Stone Soup version 0.32-a0-519-g08f29ac1c3 (webtiles) character file.

Game seed: 4675108995596084632

466 Dirtsage the Chopper (level 7, -9/50 HPs)
             Began as a Coglin Gladiator on Feb 28, 2024.
             Mangled by an iguana (14 damage)
             ... on level 4 of the Dungeon.
             The game lasted 00:04:57 (3213 turns).

Dirtsage the Chopper (Coglin Gladiator)             Turns: 3213, Time: 00:04:57

Health: -9/50      AC:  1    Str: 16    XL:     7   Next: 8%
Magic:  7/7        EV:  8    Int:  7    God:
Gold:   253        SH:  0    Dex: 16    Spells: 6/6 levels left

rFire   . . .        a - +0 war axe {Clarinda}
rCold   . . .        q - +3 dagger (freeze) {Koruri}
rNeg    . . .        m - +0 chain mail
rPois   .            c - +0 helmet
rElec   .            (no cloak)
rCorr   .            (no gloves)
SInv    .            (no boots)
Will    .....        (no amulet) Stlth
                     (ring unavailable)
HPRegen 0.28/turn    (ring unavailable)
MPRegen 0.10/turn

%: no passive effects
@: corroded, revved
A: off-hand wielding, slow wielding, warmup strikes, no rings
a: no special abilities


You were on level 4 of the Dungeon.
You visited 1 branch of the dungeon, and saw 4 of its levels.

You collected 253 gold pieces.

Inventory:

Hand Weapons
 a - a +0 war axe (weapon) {Clarinda}
 q - a +3 dagger of freezing (offhand) {Koruri}
Missiles
 d - 4 throwing nets (quivered)
 e - a javelin
 s - 3 curare-tipped darts
Armour
 b - a +0 leather armour
 c - a +0 helmet (worn)
 l - a +0 scale mail
 m - a +0 chain mail (worn)
Scrolls
 f - a scroll of enchant armour {unknown}
 g - 3 scrolls of poison {unknown}
 j - 4 scrolls of identify {unknown}
 n - 3 scrolls of teleportation {unknown}
 p - a scroll of enchant weapon {unknown}
 t - 2 scrolls of revelation {unknown}
 v - a scroll of blinking {unknown}
 w - 2 scrolls of silence {unknown}
 y - a scroll of acquirement {unknown}
Potions
 h - a potion of mutation {unknown}
 i - 3 potions of curing {unknown}
 k - a potion of berserk rage {unknown}
 o - a potion of attraction {unknown}
 r - a potion of enlightenment {unknown}
 u - a potion of haste {unknown}
 x - a potion of lignification {unknown}


   Skills:
 - Level 2.0 Fighting
 + Level 7.8 Axes
 - Level 1.7 Throwing
 - Level 2.6 Dodging


You had 6 spell levels left.
You didn't know any spells.
Your spell library was empty.

Dungeon Overview and Level Annotations

Branches:
Dungeon (4/15)
 Temple: D:4-7

Altars:
Dithmenos
Elyvilon
Fedhas
Gozag
Sif Muna
Yredelemnul

Annotations:
D:3 Cloak dig


Innate Abilities, Weirdness & Mutations

You can wield a second weapon in your off-hand.
It takes a long time for you to wield or remove held weapons.
Your first few attacks do less damage.
Your grasper-arms cannot wear rings.


Message History

Fire/throw/use which item? ([*] to toss any item) (? for menu, Esc to quit)
Throw: 4 darts (curare)
Press: ? - help, Shift-Dir - straight line, f - iguana
Aim: an iguana (61% to hit)
Okay, then.
Unknown command.
Throw: 4 darts (curare)
Press: ? - help, Shift-Dir - straight line, f - iguana
Aim: an iguana (61% to hit)
You throw a curare-tipped dart. The curare-tipped dart hits the iguana.
The iguana is poisoned.
The iguana struggles to breathe.
The iguana seems to slow down.
The iguana is moderately wounded.
The iguana barely misses you.
You hit the iguana but do no damage.
The iguana is moderately wounded.
You hit the iguana but do no damage. The iguana bites you.
You take 5 damage, and have 20/50 hp.
You hit the iguana but do no damage.
The iguana is heavily wounded.
You hit the iguana but do no damage.
You closely miss the iguana with your +3 dagger of freezing.
The iguana is heavily wounded.
You closely miss the iguana with your +0 war axe.
The iguana bites you!
* * * LOW HITPOINT WARNING * * *
You take 12 damage, and have 8/50 hp.
MASSIVE DAMAGE!!
You barely miss the iguana with your +0 war axe.
The iguana is heavily wounded.
You hit the iguana but do no damage. The iguana bites you.
* * * LOW HITPOINT WARNING * * *
You take 3 damage, and have 5/50 hp.
You hit the iguana with your +0 war axe.
The iguana is severely wounded.
You hit the iguana but do no damage. You hit the iguana but do no damage.
The iguana is severely wounded.
You closely miss the iguana with your +3 dagger of freezing.
The iguana bites you!
You die...

##### ####
....# ..#
....#
########.##
....# .#
#.....l@..#
....# .#
#.####.#.##
....# .#
#.#.# ....#
.# #.#.#
#.### .#
#.#.# #.# .#
#.#.#
#.####.###.#
#.#.#
#..........#
#.#.#
#....#.#####
#.#.#


You could see an iguana (poisoned, slow).

Vanquished Creatures
  2 ogres (D:4)
  A jelly (D:4)
  A hound (D:3)
  An orc priest (D:4)
  Jessica (D:2)
  4 gnolls (D:3)
  5 adders
  An adder zombie (D:3)
  A dart slug (D:1)
  A ribbon worm (D:3)
  7 orcs (D:4)
  5 endoplasms
  3 giant cockroaches
  8 goblins
  2 hobgoblins
  10 jackals
  4 quokkas
  5 ball pythons
  A ball python zombie (D:3)
  4 bats (D:1)
  4 frilled lizards
  A jackal skeleton (D:3)
  12 kobolds
  A quokka skeleton (D:3)
  A quokka zombie (D:3)
  4 rats
90 creatures vanquished.

Notes
Turn   | Place    | Note
-------+----------+-------------------------------------------
     0 | D:1      | Dirtsage the Coglin Gladiator began the quest for the Orb.
     0 | D:1      | Reached XP level 1. HP: 16/16 MP: 1/1
    34 | D:1      | Reached XP level 2. HP: 10/22 MP: 2/2
   262 | D:1      | Reached skill level 4 in Axes
   336 | D:1      | Reached XP level 3. HP: 27/27 MP: 3/3
  1715 | D:2      | Noticed Jessica
  1719 | D:2      | Killed Jessica
  1720 | D:2      | Reached skill level 5 in Axes
  1720 | D:2      | Reached XP level 4. HP: 33/33 MP: 4/4
  1958 | D:3      | Reached XP level 5. HP: 25/38 MP: 5/5
  2226 | D:3      | Found a basalt altar of Yredelemnul.
  2287 | D:3      | Found a blossoming altar of Fedhas.
  2294 | D:3      | Reached skill level 6 in Axes
  2341 | D:3      | Found an opulent altar of Gozag.
  2480 | D:3      | Found a shimmering blue altar of Sif Muna.
  2926 | D:4      | Reached XP level 6. HP: 44/44 MP: 6/6
  2986 | D:4      | Reached skill level 7 in Axes
  3018 | D:4      | Found a shadowy altar of Dithmenos.
  3030 | D:4      | Found a white marble altar of Elyvilon.
  3158 | D:4      | Reached XP level 7. HP: 50/50 MP: 7/7
  3213 | D:4      | Mangled by an iguana

Illustrated notes

Levels and vault maps discovered:
D:1:      wander_arrival_chamber, layout_loops_corners, minmay_bisected
D:2:      layout_basic, minmay_misc_feat_x, kennysheep_jessica_study
D:3:      layout_loops_ring, fedhas_ov_isle_minmay,
          nicolae_overflow_crystal_walls, mainiacjoe_overflow_alcove_2, tgw_sif,
          serial_undead, serial_undead_b, serial_undead_d, serial_undead_f,
          serial_undead_e, minmay_statues_item,
          amcnicky_mini_rare_corridor_liquid
D:4:      layout_basic, nicolae_ru_path_of_blood, lemuel_doored_altar,
          nicolae_dithmenos_through_a_glass_darkly, minmay_temple_entry_waves

Skill      XL: |  1  2  3  4  5  6 |
---------------+-------------------+-----
Axes           | 4 5 6 7 |  7.8
Fighting       | |  2.0
Throwing       | |  1.7
Dodging        | |  2.6

Action                     |  1- 3 |  4- 6 |  7- 9 || total
---------------------------+-------+-------+-------++-------
  Melee: War axe           |    80 |    89 |    10 ||   179
         Dagger            |       |    86 |    11 ||    97
  Throw: Dart              |       |     2 |     1 ||     3
   Stab: Sleeping          |     1 |       |       ||     1
 Armour: Leather armour    |    51 |       |       ||    51
         Chain mail        |    11 |    62 |     7 ||    80
         Scale mail        |     5 |       |       ||     5
  Dodge: Dodged            |    74 |    37 |     2 ||   113

Table legend: (Time is in decaauts)
 A = Elapsed time spent in this place.
 B = Non-inter-level travel time spent in this place.
 C = Inter-level travel time spent in this place.
 D = Time resting spent in this place.
 E = Time spent auto-exploring this place.
 F = Levels seen in this place.
 G = Mean time per level.
                   A        B        C        D        E       F      G
               +--------+--------+--------+--------+--------+-----+--------+
         Total |   3248 |   3095 |    153 |     86 |   2518 |   4 |  812.0 |
       Dungeon |   3248 |   3095 |    153 |     86 |   2518 |   4 |  812.0 |
               +--------+--------+--------+--------+--------+-----+--------+

Top non-repeatable levels by time:
     D:1: 1076 daAuts
     D:3: 965 daAuts
     D:2: 830 daAuts
     D:4: 375 daAuts
